Map: At Eternity's Edge LE

Players

Skipp

  • Race: Terran Terran
  • League: Master
  • Spawn Location: 11:00

A.I. 1 (Very Easy) - Winner!

  • Race: Protoss Protoss
  • Spawn Location: 5:00

VOD

Have the link to the VOD?

Description

Time

  • Played on: June 26, 2026, 6:21 p.m.
  • Length: 7:33
Show
View Real Time Build Order
Export as new Build Order

Skipp Terran 

Build Orders: Reaper Expand 

Get SALT Encoding   

  8  0:00  SCV  
  9  0:12  SCV  
  10  0:24  SCV  
  10  0:27  Supply Depot  
  11  0:36  SCV  
  12  0:49  SCV  
  13  0:54  Barracks  
  13  1:00  Refinery  
  13  1:05  SCV  
  14  1:17  SCV  
  15  1:30  SCV  
  16  1:42  Orbital Command  
  16  1:44  Reaper  
  17  2:08  SCV  
  18  2:15  Command Center  
  18  2:16  Marine  
  18  2:20  SCV  
  20  2:25  Supply Depot  
  20  2:32  SCV  
  21  2:37  Barracks Reactor  
  21  2:39  Factory  
  21  2:49  SCV  
  22  2:53  Refinery  
  22  3:01  SCV  
  23  3:13  SCV, Marine  
  23  3:14  Marine  
  26  3:25  Factory Tech Lab  
  27  3:27  SCV, Starport, Orbital Command  
  27  3:31  Marine  
  27  3:32  Marine  
  29  3:39  SCV  
  30  3:51  Marine x2, SCV, Siege Tank  
  30  3:54  SCV  
  37  3:58  Supply Depot  
  37  4:03  SCV  
  37  4:06  SCV  
  37  4:08  Marine  
  37  4:09  Marine  
  41  4:15  SCV  
  42  4:19  Liberator, SCV  
  42  4:20  Supply Depot  
  46  4:26  Supply Depot  
  46  4:28  SCV  
  49  4:31  SCV  
  48  4:42  Barracks  
  48  4:43  Barracks  
  48  4:45  SCV x2  
  50  4:48  Siege Tank  
  50  4:52  Refinery  
  53  4:57  SCV x2, Supply Depot  
  55  5:09  SCV x2  
  55  5:11  Refinery  
  55  5:12  Marine x2  
  59  5:15  Starport Reactor  
  59  5:21  Supply Depot, SCV  
  59  5:22  SCV  
  61  5:29  Barracks Tech Lab, Marine  
  61  5:30  Marine, Barracks Tech Lab  
  66  5:40  SCV x2  
  65  5:47  Marine x2, Stimpack  
  65  5:48  Combat Shield, Supply Depot  
  67  5:50  Marine x2  
  67  5:51  Siege Tank  
  67  5:54  SCV x2  
  67  5:55  Supply Depot  
  74  6:01  Medivac  
  76  6:07  SCV  
  76  6:08  SCV  
  76  6:10  Marine  
  79  6:12  Command Center, Marine  
  79  6:13  Marine  
  79  6:15  Marine  
  82  6:18  Medivac  
  82  6:19  SCV  
  82  6:21  Supply Depot  
  85  6:32  Siege Tank, Engineering Bay x2  
  88  6:38  Marine x2  
  88  6:39  Marine, SCV  
  93  6:40  SCV  
  93  6:44  Supply Depot  
  93  6:47  Marine  
  93  6:51  Medivac x2  
  98  6:56  Marine  
  99  7:03  Marine x2  
  99  7:05  Marine  
  102  7:12  SCV x2, Barracks  
  102  7:13  Barracks  
  104  7:16  Supply Depot  
  104  7:19  Supply Depot  
Show
View Real Time Build Order
Export as new Build Order

A.I. 1 (Very Easy) Protoss - Winner!

Build Orders:  

Get SALT Encoding   

  8  0:00  Probe  
  9  0:13  Probe  
  10  0:25  Probe  
  11  0:37  Probe  
  12  0:47  Pylon  
  12  0:49  Probe  
  13  1:01  Probe  
  13  1:06  Assimilator  
  14  1:12  Gateway  
  14  1:18  Pylon  
  14  1:45  Assimilator  
  14  1:46  Probe  
  15  1:54  Probe  
  16  2:02  Probe  
  16  2:04  Cybernetics Core  
  17  2:10  Probe  
  18  2:20  Probe  
  19  2:30  Warp Gate  
  19  2:32  Probe  
  20  2:43  Stalker  
  22  2:48  Pylon  
  22  3:12  Stalker  
  24  3:40  Zealot  
  26  5:24  Probe  
  27  5:29  Zealot  
  27  5:30  Pylon  
  27  5:31  Robotics Facility  
  27  5:32  Probe  
  29  5:42  Probe  
  27  5:54  Probe  
  16  6:06  Probe  
  5  6:18  Probe  
  5  6:19  Observer  
  5  6:20  Stalker  
  7  6:30  Probe  
  6  6:37  Observer  
  4  6:42  Probe  
  3  6:49  Stalker  
  5  6:54  Probe  
  5  7:06  Probe  
  3  7:16  Probe  
Tags
 
Add a new tag
Caveats
  • Supply blocks, unpowered buildings, or Contaminate may cause inaccurate times.
  • Supply counts are checked every 10 seconds.